 Dungeon Crawl Stone Soup version 0.32-a0-42-ga30500b4d3 (webtiles) character file.

Game seed: 4722498213239589033

16 CougarLife the Chopper (level 2, 0/26 HPs)
             Began as a Minotaur Berserker on Jan 29, 2024.
             Was a Follower of Trog.
             Succumbed to an adder's poison
             ... on level 2 of the Dungeon.
             The game lasted 00:00:54 (509 turns).

CougarLife the Chopper (Minotaur Berserker)          Turns: 509, Time: 00:00:55

Health: 0/26       AC:  2    Str: 21    XL:     2   Next: 41%
Magic:  1/1        EV: 12    Int:  4    God:    Trog [*.....]
Gold:   16         SH:  0    Dex:  9    Spells: 1/1 levels left

rFire   . . .        a - +0 hand axe
rCold   . . .        (no shield)
rNeg    . . .        b - +0 animal skin
rPois   .            (helmet restricted)
rElec   .            (no cloak)
rCorr   .            (no gloves)
SInv    .            (no boots)
Will    .....        (no amulet)
Stlth   +            (no ring)
HPRegen 0.24/turn    (no ring)
MPRegen 0.07/turn

%: no passive effects
@: lethally poisoned (0 -> -6)
A: horns 2, retaliatory headbutt
a: Renounce Religion, Berserk


You were on level 2 of the Dungeon.
You worshipped Trog.
Trog was aware of your devotion.
You visited 1 branch of the dungeon, and saw 2 of its levels.

You collected 36 gold pieces.
You spent 20 gold pieces at shops.

Inventory:

Hand Weapons
 a - a +0 hand axe (weapon)
Armour
 b - a +0 animal skin (worn)
Jewellery
 e - a ring of flight
Scrolls
 f - 2 scrolls of torment
Potions
 c - a potion of resistance {unknown}
 d - a potion of curing {unknown}
 g - 2 potions of might {unknown}
 h - a potion of heal wounds {unknown}
 i - a potion of cancellation {unknown}


   Skills:
 - Level 3.6 Fighting
 - Level 3.6 Axes
 - Level 2.4 Armour
 + Level 3.4 Dodging


You had one spell level left.
You didn't know any spells.
Your spell library was empty.

Dungeon Overview and Level Annotations

Branches:
Dungeon (2/15)

Altars:
Wu Jian

Shops:
D:1 *


Innate Abilities, Weirdness & Mutations

You have a pair of horns on your head.
You reflexively headbutt those who attack you in melee.


Message History

You miss the adder.
The adder is severely wounded.
The adder bites you.
You hit the adder but do no damage.
The adder is severely wounded.
The adder barely misses you. You furiously retaliate!
You headbutt the adder, but do no damage.
The adder bites you.
You are poisoned.
The adder poisons you!
You miss the adder.
The adder is severely wounded.
You feel sick. The adder bites you.
You are more poisoned.
The adder poisons you!
You miss the adder. Your headbutt misses the adder.
The adder is severely wounded.
You feel very sick. The adder closely misses you. x2
You closely miss the adder. Your headbutt misses the adder.
The adder is severely wounded.
You feel very sick. The adder bites you.
You are too injured to fight recklessly!
Unknown command.
You miss the adder.
The adder is severely wounded.
You feel sick. The adder bites you.
* * * LOW HITPOINT WARNING * * *
You are lethally poisoned!
The adder poisons you! The adder bites you but does no damage.
You closely miss the adder. Your headbutt misses the adder.
The adder is severely wounded.
* * * LOW HITPOINT WARNING * * *
You feel very sick. The adder bites you.
* * * LOW HITPOINT WARNING * * *
You closely miss the adder.
The adder is severely wounded.
You die...

# # # ############### #
###......@Sg.....
########.....#####S.....
.............# .....
###.####.._..# .... #.#
#......# ... #.#
#......# .. #.# #..#.###
. #.# ##.#.# #.# #.#..


You could see 2 adders and a hobgoblin.

Vanquished Creatures
  A dart slug (D:1)
  A giant cockroach (D:1)
  2 goblins (D:1)
  2 hobgoblins
  A quokka (D:1)
  3 ball pythons (D:1)
  2 frilled lizards (D:1)
  2 kobolds (D:1)
  A rat (D:1)
15 creatures vanquished.

Notes
Turn   | Place    | Note
-------+----------+-------------------------------------------
     0 | D:1      | CougarLife the Minotaur Berserker began the quest for the
                  | Orb.
     0 | D:1      | Reached XP level 1. HP: 19/19 MP: 0/0
    27 | D:1      | Found Sezai's General Store.
    38 | D:1      | Reached XP level 2. HP: 20/26 MP: 1/1
   230 | D:1      | Bought a scroll of identify for 20 gold pieces
   480 | D:2      | Found an ornate altar of the Wu Jian Council.
   508 | D:2      | HP: 1/26 [adder (2)]
   509 | D:2      | Succumbed to an adder's poison

Illustrated notes

Levels and vault maps discovered:
D:1:      tarquinn_simple_flora_water_e, layout_rooms, serial_shops,
          nicolae_shop_crystal, minmay_tetromino_o2
D:2:      layout_loops_ring, basic_altar, uniq_terence

Skill      XL: |  1 |
---------------+----+-----
Dodging        | 3 |  3.4
Fighting       | |  3.6
Axes           | |  3.6
Armour         | |  2.4

Action                     || total
---------------------------++-------
  Melee: Hand axe          ||    33
         Headbutt          ||     2
    Use: Scroll            ||     1
 Armour: Animal skin       ||    21
  Dodge: Dodged            ||    20

Table legend: (Time is in decaauts)
 A = Elapsed time spent in this place.
 B = Non-inter-level travel time spent in this place.
 C = Inter-level travel time spent in this place.
 D = Time resting spent in this place.
 E = Time spent auto-exploring this place.
 F = Levels seen in this place.
 G = Mean time per level.
                   A        B        C        D        E       F      G
               +--------+--------+--------+--------+--------+-----+--------+
         Total |    512 |    505 |      7 |      0 |    412 |   2 |  256.0 |
       Dungeon |    512 |    505 |      7 |      0 |    412 |   2 |  256.0 |
               +--------+--------+--------+--------+--------+-----+--------+

Top non-repeatable levels by time:
     D:1: 453 daAuts
     D:2: 59 daAuts
